[Event "Titled Tuesday Blitz September 27 Late 2022"]
[White "Bartel, Mateusz"]
[Black "Wagner, Dennis"]
[WhiteFideId "1112635"]
[BlackFideId "24650684"]
[WhiteElo "2526"]
[BlackElo "2355"]
[Result "0-1"]
[Round "11"]
[TimeControl "180+1"]
[Date "2022.09.27"]
[WhiteClock "0:00:01"]
[BlackClock "0:00:01"]

1. Nf3 Nf6 2. c4 c5 3. b3 e6 4. Bb2 d5 5. e3 Nc6 6. cxd5 exd5 7. Bb5 Bd6 8. O-O O-O 9. Nc3 Bg4 10. h3 Bh5 11. Bxc6 bxc6 12. Rc1 Re8 13. Na4 Nd7 14. d4 cxd4 15. Qxd4 Bf8 16. g4 Re4 17. Qd1 Bxg4 18. hxg4 Rxg4+ 19. Kh1 Rh4+ 20. Kg2 Rg4+ 21. Kh3 Qc8 22. Rg1 Ne5 23. Kh2 Bd6 24. Rxg4 Nxf3+ 25. Kg2 Qxg4+ 26. Kf1 Re8 27. Ke2 Nd4+ 28. Kd2 Bb4+ 29. Nc3 Nf3+ 30. Kc2 d4 31. exd4 Qf5+ 32. Qd3 Nxd4+ 0-1


[Site "https://www.chess.com"]

[Event "Titled Tuesday Blitz September 27 Late 2022"]
[White "Bluebaum, Matthias"]
[Black "Sokolovsky, Yahli"]
[WhiteFideId "24651516"]
[BlackFideId "2820242"]
[WhiteElo "2633"]
[BlackElo "1920"]
[Result "1-0"]
[Round "11"]
[TimeControl "180+1"]
[Date "2022.09.27"]
[WhiteClock "0:00:02"]
[BlackClock "0:00:06"]

1. d4 d6 2. Nf3 g6 3. c4 Bg7 4. Nc3 Nf6 5. e4 O-O 6. Be2 Bg4 7. Be3 Bxf3 8. gxf3 e5 9. d5 Nh5 10. Qd2 Nf4 11. Bxf4 exf4 12. Qxf4 Nd7 13. h4 h5 14. Qe3 Qf6 15. f4 Bh6 16. Qh3 Nc5 17. f5 Rae8 18. Qg2 Kh7 19. fxg6+ fxg6 20. Rh3 Qf4 21. Kf1 Qd2 22. Rb1 Rf4 23. Rf3 Ref8 24. Rxf4 Qxf4 25. b4 Nd7 26. Rd1 Ne5 27. Nb5 Qxh4 28. Nxc7 Be3 29. f3 Ng4 30. Bd3 Rxf3+ 31. Qxf3 Nh2+ 32. Ke2 Nxf3 33. Kxe3 Qg3 34. Ne6 Ne5+ 35. Kd4 Qf2+ 36. Kc3 Qxa2 37. Bc2 h4 38. Bb3 Qf2 39. c5 Qe3+ 40. Kb2 Nd3+ 41. Ka3 dxc5 42. bxc5 Qe2 43. Rb1 1-0


[Site "https://www.chess.com"]

[Event "Titled Tuesday Blitz September 27 Late 2022"]
[White "Boros, Denes"]
[Black "Mihajlov, Sebastian"]
[WhiteFideId "722340"]
[BlackFideId "1512110"]
[WhiteElo "2464"]
[BlackElo "2464"]
[Result "1-0"]
[Round "11"]
[TimeControl "180+1"]
[Date "2022.09.27"]
[WhiteClock "0:01:15"]
[BlackClock "0:00:02"]

1. d4 Nf6 2. Bg5 b6 3. Nf3 e6 4. a4 Bb7 5. a5 b5 6. a6 Nxa6 7. e4 c6 8. e5 h6 9. Bh4 g5 10. Bg3 Ne4 11. Nc3 Bb4 12. Qd3 d5 13. exd6 Nxg3 14. hxg3 Bxd6 15. Nxb5 Be7 16. Qd2 Nc7 17. Nxc7+ Qxc7 18. Bc4 c5 19. d5 Rd8 20. Qc3 f6 21. dxe6 Qb6 22. O-O O-O 23. Rad1 Kg7 24. Rd7 Rxd7 25. exd7 Qd6 26. Re1 Qxd7 27. Qb3 Qc7 28. Bd5 Bd6 29. Qxb7 1-0


[Site "https://www.chess.com"]

[Event "Titled Tuesday Blitz September 27 Late 2022"]
[White "Bortnyk, Mykola"]
[Black "Dounis, Alexandros"]
[WhiteFideId "14120836"]
[BlackFideId "4213238"]
[WhiteElo "2582"]
[BlackElo "2204"]
[Result "0-1"]
[Round "11"]
[TimeControl "180+1"]
[Date "2022.09.27"]
[WhiteClock "0:00:12"]
[BlackClock "0:00:55"]

1. e4 e5 2. Bc4 Nf6 3. d3 c6 4. Nf3 Be7 5. O-O Qc7 6. Nc3 O-O 7. a4 a5 8. h3 d6 9. Re1 Nbd7 10. d4 h6 11. Be3 Re8 12. Nh4 Bf8 13. Ba2 g6 14. Nxg6 Bg7 15. Nh4 Nf8 16. dxe5 dxe5 17. Qf3 N8h7 18. Rad1 Ng5 19. Bxg5 hxg5 20. Nf5 Be6 21. Qg3 Bxf5 22. exf5 Rad8 23. Qxg5 Rxd1 24. Rxd1 e4 25. Re1 Qb6 26. Re3 Qd4 27. Rg3 Nh7 28. Bxf7+ Kxf7 29. Qg6+ Kf8 30. Qxh7 e3 31. fxe3 Rxe3 32. Rxe3 Qxe3+ 33. Kf1 Qc1+ 34. Kf2 Qxc2+ 35. Ke3 Qxb2 36. Ne4 Qd4+ 37. Kf3 Qd3+ 38. Kf4 Qf1+ 39. Kg4 Qxg2+ 40. Ng3 Qc2 41. Qg6 Qxa4+ 42. Kh5 Qd1+ 43. Kg5 Qc1+ 44. Kh5 Qf4 45. h4 a4 46. Qg5 Qxg5+ 47. hxg5 a3 48. f6 Bxf6 49. gxf6 a2 0-1


[Site "https://www.chess.com"]

[Event "Titled Tuesday Blitz September 27 Late 2022"]
[White "Bryakin, Mikhail"]
[Black "Gubajdullin, Alexei"]
[WhiteFideId "4165314"]
[BlackFideId "4141202"]
[WhiteElo "2357"]
[BlackElo "2195"]
[Result "1-0"]
[Round "11"]
[TimeControl "180+1"]
[Date "2022.09.27"]
[WhiteClock "0:00:37"]
[BlackClock "0:00:06"]

1. e4 c6 2. Nf3 d5 3. Nc3 Bg4 4. h3 Bxf3 5. Qxf3 e6 6. Be2 g6 7. d4 Bg7 8. Be3 Nd7 9. O-O-O Ne7 10. g4 Qa5 11. Kb1 b5 12. Bd3 b4 13. Ne2 c5 14. exd5 Nxd5 15. Nf4 cxd4 16. Nxd5 exd5 17. Bf4 O-O 18. h4 Nb6 19. h5 Nc4 20. Qh3 g5 21. Bxg5 Na3+ 22. Kc1 Rfc8 23. bxa3 bxa3 24. h6 Be5 25. Rde1 f6 26. Qf3 Rf8 27. Qf5 Qc7 28. f4 Bd6 29. Bxf6 Bxf4+ 30. Kd1 Rab8 31. Qxd5+ Rf7 32. Re7 1-0


[Site "https://www.chess.com"]

[Event "Titled Tuesday Blitz September 27 Late 2022"]
[White "Bykov, Egor"]
[Black "Abdyzhapar, Asylbek"]
[WhiteFideId "34115290"]
[BlackFideId "13800337"]
[WhiteElo "2192"]
[BlackElo "2323"]
[Result "0-1"]
[Round "11"]
[TimeControl "180+1"]
[Date "2022.09.27"]
[WhiteClock "0:00:05"]
[BlackClock "0:01:16"]

1. d4 Nf6 2. c4 g6 3. Nc3 Bg7 4. e4 O-O 5. Nf3 d6 6. Be2 e5 7. O-O Nc6 8. d5 Ne7 9. b4 c6 10. Qb3 a5 11. Be3 axb4 12. Qxb4 c5 13. Qb3 Ne8 14. a4 h6 15. Nd2 f5 16. f4 exf4 17. Bxf4 g5 18. Be3 f4 19. Bf2 Ng6 20. Bh5 Ne5 21. Ra3 Nf6 22. Bd1 Nfg4 23. Bxg4 Nxg4 24. Nb5 Nxf2 25. Rxf2 g4 26. Qd1 Be5 27. h3 h5 28. hxg4 hxg4 29. g3 f3 30. Nf1 Bd7 31. Rh2 Qf6 32. Qd2 Rf7 33. Rh6 Qg7 34. Qh2 Bxb5 35. cxb5 Bd4+ 36. Kh1 Re8 37. Qh5 Re5 38. Qg6 Rxe4 39. Qxe4 Qxh6+ 40. Nh2 Qc1+ 41. Nf1 Qxf1+ 42. Kh2 Qg2# 0-1


[Site "https://www.chess.com"]

[Event "Titled Tuesday Blitz September 27 Late 2022"]
[White "Carbone, Diego"]
[Black "Przybylski, Wojciech"]
[WhiteFideId "3002179"]
[BlackFideId "1117599"]
[WhiteElo "2205"]
[BlackElo "2133"]
[Result "0-1"]
[Round "11"]
[TimeControl "180+1"]
[Date "2022.09.28"]
[WhiteClock "0:00:05"]
[BlackClock "0:00:05"]

1. d4 d5 2. c4 c6 3. Nf3 Nf6 4. e3 Bf5 5. Nc3 e6 6. Nh4 Be4 7. f3 Bg6 8. Qb3 Qb6 9. Bd2 Nbd7 10. Nxg6 hxg6 11. g3 Bd6 12. Kf2 Qc7 13. Kg2 dxc4 14. Bxc4 Nb6 15. Be2 e5 16. dxe5 Bxe5 17. f4 Bd6 18. e4 Bc5 19. h4 O-O-O 20. Rad1 Bd4 21. Bf3 Rhe8 22. Rhe1 Kb8 23. e5 Nfd5 24. Nxd5 Nxd5 25. Bc1 Qb6 26. Re2 Qxb3 27. axb3 Bb6 28. Bxd5 cxd5 29. Be3 d4 30. Bf2 Rd5 31. Red2 Red8 32. Rd3 a5 33. Kf3 f5 34. Rc1 Bc5 35. Rh1 b6 36. Kg2 Kb7 37. h5 gxh5 38. Rxh5 Rf8 39. Rh7 Rf7 40. Kf3 Kc6 41. g4 fxg4+ 42. Kxg4 b5 43. Kf3 Rxe5 44. Bxd4 Rd5 45. Ke4 Rfd7 46. Rxg7 Rxd4+ 47. Rxd4 Rxd4+ 48. Ke5 Rd2 49. Rg6+ Bd6+ 50. Ke6 Re2+ 51. Kf7 Kd5 52. f5 Rf2 53. f6 Be5 54. Rh6 Bxb2 55. Ke7 Ba3+ 56. Kd7 Bb2 57. Rh5+ Ke4 58. Rxb5 Rxf6 59. Rxa5 Kd3 60. Kc7 Bc3 61. Rb5 Rf7+ 62. Kc6 Bd4 63. Rd5 Rf6+ 64. Rd6 Rf8 65. b4 Kc4 66. b5 Rc8+ 67. Kb7 Rf8 68. b6 Bc5 69. Rc6 Kb5 70. Rg6 Rf7+ 71. Kb8 Bxb6 72. Rg5+ Ka6 73. Rg8 Rb7+ 74. Ka8 Ra7+ 75. Kb8 Bc7+ 76. Kc8 Ra8+ 77. Kxc7 Rxg8 0-1


[Site "https://www.chess.com"]

[Event "Titled Tuesday Blitz September 27 Late 2022"]
[White "Dardha, Daniel"]
[Black "Caruana, Fabiano"]
[WhiteFideId "240990"]
[BlackFideId "2020009"]
[WhiteElo "2528"]
[BlackElo "2847"]
[Result "0-1"]
[Round "11"]
[TimeControl "180+1"]
[Date "2022.09.27"]
[WhiteClock "0:00:01"]
[BlackClock "0:00:15"]

1. d4 Nf6 2. c4 e6 3. Nf3 Bb4+ 4. Bd2 Qe7 5. g3 O-O 6. Bg2 Bxd2+ 7. Qxd2 Ne4 8. Qc2 d5 9. O-O c6 10. Nbd2 f5 11. Ne5 Nd7 12. Ndf3 Nd6 13. e3 Nf7 14. Nxf7 Rxf7 15. b4 Qxb4 16. Rfc1 Qxc4 17. Qxc4 dxc4 18. Rxc4 Re7 19. Rb1 e5 20. h4 e4 21. Nd2 Nb6 22. Rc5 Be6 23. Ra5 Nd5 24. Ra3 b5 25. Ra6 Rc7 26. a3 Rb8 27. Rc1 Rb6 28. Ra5 Kf7 29. Bh3 Ke7 30. Bf1 g6 31. Be2 a6 32. a4 Kd6 33. Bf1 Nb4 34. Rc3 Ra7 35. Rc5 Rab7 36. Rc3 Bd5 37. Rc5 Nd3 38. axb5 cxb5 39. Rc8 Be6 40. Rd8+ Ke7 41. Ra8 b4 42. R8xa6 Rxa6 43. Rxa6 b3 44. f3 b2 45. Nb1 Nb4 46. Ra3 exf3 47. Kf2 Bd5 48. Rc3 Be4 49. Nd2 b1=Q 50. Nxb1 Bxb1 51. Kxf3 Nd5 52. Rc5 Be4+ 53. Kf2 Rb2+ 54. Kg1 Nxe3 55. Ba6 Ng4 56. Kf1 Bf3 57. Ke1 Kd6 58. Rc8 Ne3 59. Rd8+ Kc7 60. Rc8+ Kd7 61. Rc5 Be4 62. Re5 Rg2 0-1


[Site "https://www.chess.com"]

[Event "Titled Tuesday Blitz September 27 Late 2022"]
[White "Diaz Herquinio, Brahian"]
[Black "Melikhov, Evgeny V."]
[WhiteFideId "3809480"]
[BlackFideId "4122046"]
[WhiteElo "1965"]
[BlackElo "1963"]
[Result "1-0"]
[Round "11"]
[TimeControl "180+1"]
[Date "2022.09.28"]
[WhiteClock "0:00:12"]
[BlackClock "0:00:18"]

1. e4 e5 2. Nf3 Nc6 3. Bb5 a6 4. Ba4 Nf6 5. O-O Nxe4 6. d4 b5 7. Bb3 d5 8. dxe5 Be6 9. Nbd2 Bc5 10. Nxe4 dxe4 11. Bxe6 fxe6 12. Ng5 Qxd1 13. Rxd1 O-O 14. Nxe4 Bb6 15. g3 Nxe5 16. Kg2 Ng4 17. f3 Nf6 18. Nxf6+ gxf6 19. b3 Rfd8 20. Bb2 Kf7 21. f4 c6 22. Kf3 Rxd1 23. Rxd1 Rd8 24. Rxd8 Bxd8 25. a4 f5 26. Bd4 h5 27. Ke3 Be7 28. c4 Bd8 29. Bc5 Bf6 30. Kd3 bxa4 31. bxa4 Bb2 32. Bd6 Kf6 33. c5 e5 34. fxe5+ Bxe5 35. Kc4 Bb2 36. Kb4 Bd4 37. Ka5 Bg1 38. h3 Ke6 39. Kxa6 Kd5 40. Kb6 h4 41. gxh4 f4 42. Bxf4 Bxc5+ 43. Kb7 Bb4 44. h5 Bc3 45. h6 c5 46. Kb6 c4 47. a5 Bd4+ 48. Kb7 c3 49. a6 c2 50. a7 Be5 51. Bc1 1-0


[Site "https://www.chess.com"]

[Event "Titled Tuesday Blitz September 27 Late 2022"]
[White "Diaz Rosas, Julio Cesar"]
[Black "Brodowski, Piotr"]
[WhiteFideId "5105099"]
[BlackFideId "1124480"]
[WhiteElo "2278"]
[BlackElo "2312"]
[Result "0-1"]
[Round "11"]
[TimeControl "180+1"]
[Date "2022.09.28"]
[WhiteClock "0:00:02"]
[BlackClock "0:00:09"]

1. e4 d6 2. d4 g6 3. Nc3 Bg7 4. Bg5 h6 5. Be3 a6 6. a4 Nf6 7. Qd2 Ng4 8. Bf4 Nc6 9. Nf3 Nxd4 10. Nxd4 e5 11. h3 exd4 12. hxg4 dxc3 13. bxc3 Qf6 14. Ra3 g5 15. Be3 Bxg4 16. Rb3 b6 17. Qd5 O-O 18. Qc6 a5 19. Bc4 Qe7 20. Bd5 Rac8 21. Kd2 Bd7 22. Qb7 c6 23. Bc4 d5 24. exd5 cxd5 25. Bd3 Rb8 26. Qxd5 Be6 27. Qb5 Bxb3 28. Qf5 Rfc8 29. Rxh6 Be6 30. Qh7+ Kf8 31. Rh5 Bxc3+ 32. Kc1 Qa3+ 33. Kd1 Bg4+ 34. f3 Bxh5 35. Qxh5 Qa1+ 36. Bc1 Bg7 37. Qxg5 Qf6 38. Qg3 Re8 39. Ba3+ Kg8 40. Qh3 Qh6 0-1


[Site "https://www.chess.com"]

[Event "Titled Tuesday Blitz September 27 Late 2022"]
[White "Fawzy, Adham"]
[Black "Besedes, Danilo"]
[WhiteFideId "10613129"]
[BlackFideId "946796"]
[WhiteElo "2541"]
[BlackElo "2352"]
[Result "1/2-1/2"]
[Round "11"]
[TimeControl "180+1"]
[Date "2022.09.27"]
[WhiteClock "0:00:08"]
[BlackClock "0:00:06"]

1. e4 e6 2. d4 d5 3. Nc3 Be7 4. Nf3 dxe4 5. Nxe4 Nd7 6. g4 b6 7. Bg2 Bb7 8. Qe2 Ngf6 9. Nxf6+ Nxf6 10. g5 Nd7 11. Bf4 c5 12. O-O-O cxd4 13. Rxd4 Qc8 14. Rhd1 Nc5 15. h3 O-O 16. Kb1 Rd8 17. Rxd8+ Bxd8 18. h4 Be7 19. h5 Qe8 20. h6 Rd8 21. hxg7 Rxd1+ 22. Qxd1 Kxg7 23. Be5+ Kg8 24. Bf6 Ne4 25. Ne5 Bd5 26. c4 Nxf2 27. Qf1 Be4+ 28. Kc1 Bc5 29. Bxe4 Nxe4 30. Qd3 Nd6 31. Ng4 Nf5 32. Nh6+ Nxh6 33. gxh6 Qb8 34. Qf3 Qh2 35. Qg4+ Kf8 36. Qg7+ Ke8 37. Qg8+ Bf8 38. Bg7 Qf4+ 39. Kd1 Qf3+ 40. Kd2 Qf4+ 41. Kc3 Qe3+ 42. Kc2 Qe2+ 43. Kb3 Qd1+ 44. Kc3 Qe1+ 45. Kd3 Qd1+ 46. Ke3 Qe1+ 47. Kf3 Qf1+ 48. Ke3 Qe1+ 49. Kd3 Qd1+ 50. Kc3 Qe1+ 51. Kb3 Qd1+ 52. Kc3 1/2-1/2


[Site "https://www.chess.com"]

[Event "Titled Tuesday Blitz September 27 Late 2022"]
[White "Fernandez De La Vara, Arnaldo"]
[Black "Nogerbek, Kazybek"]
[WhiteFideId "3518388"]
[BlackFideId "13710427"]
[WhiteElo "2387"]
[BlackElo "2458"]
[Result "0-1"]
[Round "11"]
[TimeControl "180+1"]
[Date "2022.09.27"]
[WhiteClock "0:01:40"]
[BlackClock "0:02:41"]

1. Nf3 g6 2. g3 Bg7 3. Bg2 e5 4. d3 Ne7 5. c4 Nbc6 6. O-O O-O 7. Nc3 d6 8. a3 f5 9. Ne1 h6 10. Nc2 Be6 11. Nd5 Qd7 12. b4 e4 13. dxe4 Bxa1 14. Nxa1 fxe4 15. Bxh6 Rf7 16. Bxe4 Ne5 17. Qd4 Bxd5 18. cxd5 Qh3 19. Be3 Ng4 20. Rc1 Qxh2+ 21. Kf1 Nf5 0-1


[Site "https://www.chess.com"]

[Event "Titled Tuesday Blitz September 27 Late 2022"]
[White "Golubev, Mikhail"]
[Black "Tristan, Leonardo"]
[WhiteFideId "14100983"]
[BlackFideId "113816"]
[WhiteElo "2374"]
[BlackElo "2404"]
[Result "1-0"]
[Round "11"]
[TimeControl "180+1"]
[Date "2022.09.28"]
[WhiteClock "0:00:02"]
[BlackClock "0:00:04"]

1. e4 d5 2. exd5 Qxd5 3. Nf3 Bg4 4. Be2 Nc6 5. d4 O-O-O 6. c4 Qf5 7. Be3 Bxf3 8. Bxf3 Nxd4 9. Bxd4 Qe6+ 10. Be2 Qe4 11. O-O Qxd4 12. Qa4 e6 13. Nc3 Bd6 14. Nb5 Qe5 15. Nxd6+ cxd6 16. Bf3 Qc5 17. b4 Qb6 18. c5 Qa6 19. Qb3 dxc5 20. bxc5 Ne7 21. Rab1 Nc6 22. Be2 Nd4 23. Bxa6 Nxb3 24. Rxb3 bxa6 25. Rfb1 Kc7 26. Rb7+ Kc6 27. Rxf7 Rb8 28. Re1 Rhe8 29. Rxg7 Rb7 30. Rxb7 Kxb7 31. f4 Kc6 32. Re5 Rd8 33. Rxe6+ Kb5 34. Re2 Kxc5 35. Kf2 a5 36. g3 a4 37. Kf3 a3 38. f5 Rd3+ 39. Ke4 Rd1 40. Rf2 Rb1 41. f6 Rb2 42. Ke3 Rb8 43. g4 Rf8 44. g5 Kd5 45. f7 Ke6 46. h4 1-0


[Site "https://www.chess.com"]

[Event "Titled Tuesday Blitz September 27 Late 2022"]
[White "Hambleton, Aman"]
[Black "Gheorghiu, Calin"]
[WhiteFideId "2606577"]
[BlackFideId "1200305"]
[WhiteElo "2538"]
[BlackElo "2168"]
[Result "1/2-1/2"]
[Round "11"]
[TimeControl "180+1"]
[Date "2022.09.28"]
[WhiteClock "0:00:02"]
[BlackClock "0:00:02"]

1. d4 Nf6 2. Bf4 d5 3. e3 Bf5 4. c4 c6 5. Nc3 e6 6. Qb3 Qb6 7. c5 Qxb3 8. axb3 Nbd7 9. b4 Nh5 10. Bg3 Nxg3 11. hxg3 Be7 12. b5 e5 13. Kd2 O-O 14. Bd3 Bxd3 15. Kxd3 exd4 16. exd4 Bf6 17. Nge2 Rfc8 18. bxc6 bxc6 19. b4 Rcb8 20. Ra4 Rb7 21. Rb1 Rab8 22. Ra6 Rc8 23. b5 Nb8 24. Ra4 g5 25. g4 Kg7 26. Ng3 Kg6 27. Nf5 cxb5 28. Rxb5 Rxb5 29. Nxb5 Nc6 30. Nc3 Rd8 31. f3 a5 32. Ne3 Nb4+ 33. Rxb4 axb4 34. Ncxd5 b3 35. Nxf6 b2 36. Kc2 Kxf6 37. d5 Rb8 38. Kb1 Ke5 39. d6 Kd4 40. d7 Kxc5 41. Nf5 Rd8 42. Kxb2 Rxd7 43. Kc3 f6 44. Ng3 Kd5 45. Kd3 Ke5+ 46. Ke3 Ra7 47. Nh5 Ra2 48. g3 Ra3+ 49. Ke2 h6 50. Ng7 Ra2+ 51. Ke3 Ra3+ 52. Ke2 Kd4 53. Nf5+ Kc4 54. Nxh6 Kd5 55. Nf5 Ke5 56. Ng7 Ra7 57. Nf5 Rh7 58. Ke3 Rh3 59. Kf2 Rh2+ 60. Ke3 Ra2 61. Ng7 Ra3+ 62. Ke2 Kd4 63. Nf5+ Kc3 64. Ke3 Ra4 65. Ne7 Kc2 66. Nd5 Ra3+ 67. Ke4 Ra4+ 68. Kf5 Ra3 69. f4 Rxg3 70. Nxf6 gxf4 71. Kxf4 Rxg4+ 72. Kxg4 1/2-1/2


[Site "https://www.chess.com"]

[Event "Titled Tuesday Blitz September 27 Late 2022"]
[White "Ilkhomi, Jaloliddin"]
[Black "Yurovskykh, Oleksandr"]
[WhiteFideId "14700948"]
[BlackFideId "14134020"]
[WhiteElo "1440"]
[BlackElo "2303"]
[Result "1/2-1/2"]
[Round "11"]
[TimeControl "180+1"]
[Date "2022.09.28"]
[WhiteClock "0:00:03"]
[BlackClock "0:00:05"]

1. d4 d5 2. Bf4 c5 3. e3 Nc6 4. c3 Bf5 5. Bd3 Bxd3 6. Qxd3 e6 7. Nd2 Nf6 8. Ngf3 Bd6 9. Bxd6 Qxd6 10. O-O Rb8 11. Rfe1 O-O 12. dxc5 Qxc5 13. e4 dxe4 14. Nxe4 Nxe4 15. Qxe4 Rbd8 16. Rad1 g6 17. h3 Kg7 18. Qf4 Qb6 19. b4 a6 20. Ng5 h6 21. Ne4 Rxd1 22. Rxd1 Rd8 23. Qf6+ Kg8 24. Rxd8+ Qxd8 25. Qf4 Kg7 26. Nd6 Qd7 27. Qd2 Kh7 28. Qf4 Kg7 29. Ne4 Qd8 30. a4 e5 31. Qf3 Qe7 32. b5 axb5 33. axb5 Na5 34. Qd3 Qc7 35. Qd5 Nc4 36. Nc5 Na5 37. Nd7 Nc4 38. b6 Nxb6 39. Nxb6 Qxb6 40. Qxe5+ Qf6 41. Qc7 b6 42. Kf1 Qe6 43. f3 Qe3 44. Qc4 h5 45. Qb4 Kf6 46. h4 Kg7 47. Qc4 Kf6 48. Qb4 Qe6 49. Qd4+ Ke7 50. Kf2 Qd6 51. Qa4 Qc5+ 52. Kg3 Kd6 53. Qe4 Qe5+ 54. Kf2 Qxe4 55. fxe4 Kc5 56. Ke3 f6 57. Kd3 g5 58. g3 Kd6 59. Kd4 Ke6 60. c4 Kd6 61. Kd3 Ke5 62. Ke3 Ke6 63. Kd3 Kd6 64. Kd4 g4 65. Kd3 Ke5 66. Ke3 Kd6 67. Kf4 Ke6 68. Ke3 Kd6 69. Kd4 Kc6 70. Kd3 Kd7 71. Ke3 Kd6 1/2-1/2


[Site "https://www.chess.com"]

[Event "Titled Tuesday Blitz September 27 Late 2022"]
[White "Ismayil, Malak"]
[Black "Gonzalez Vega, Alejandro"]
[WhiteFideId "13412604"]
[BlackFideId "3510042"]
[WhiteElo "1879"]
[BlackElo "2220"]
[Result "1-0"]
[Round "11"]
[TimeControl "180+1"]
[Date "2022.09.28"]
[WhiteClock "0:00:57"]
[BlackClock "0:00:03"]

1. e4 c5 2. Nf3 a6 3. Nc3 e6 4. Be2 Nc6 5. O-O b5 6. d3 d6 7. Bg5 Qc7 8. Bf4 Nf6 9. a3 Be7 10. h3 O-O 11. Re1 b4 12. axb4 cxb4 13. Nb1 e5 14. Bg3 h6 15. Nh4 d5 16. exd5 Nxd5 17. Nf3 Bf6 18. Nbd2 Nf4 19. Bxf4 exf4 20. Nc4 Be6 21. Qc1 a5 22. Rb1 a4 23. Nfd2 Nd4 24. Ne4 Be7 25. Bf1 a3 26. bxa3 bxa3 27. c3 Nf5 28. Ra1 Bxc4 29. dxc4 Rfb8 30. Nd2 Bf8 31. Qc2 Nh4 32. Qe4 Ng6 33. Nf3 a2 34. Nd4 Qb7 35. Qf5 Qb2 36. Nb5 Qd2 37. Red1 Qb2 38. Bd3 Rd8 39. Nc7 Rac8 40. Nd5 f3 41. Qxf3 Ne5 42. Qe4 Nxd3 43. Qxd3 Bc5 44. Qd2 Qxd2 45. Rxd2 Rb8 46. Rdxa2 Rbc8 47. Re2 Re8 48. Rxe8+ Rxe8 49. Kf1 Rd8 50. Ra5 Bf8 51. Ke2 Rc8 52. Kd3 h5 53. Rb5 g6 54. Nf6+ Kg7 55. Nd5 Bd6 56. f3 h4 57. Kd4 Rc6 58. c5 Bf8 59. Nb4 Rc8 60. c6 g5 61. Rxg5+ Kf6 62. Rg4 Bxb4 63. cxb4 Rxc6 64. Rxh4 Rc2 65. Rg4 Rd2+ 66. Kc5 Rc2+ 67. Kb6 Rb2 68. b5 Ke6 69. Kc6 Rc2+ 70. Kb7 Kd7 71. b6 Rb2 72. h4 Rb5 73. Rg5 Rb2 74. h5 1-0


[Site "https://www.chess.com"]

[Event "Titled Tuesday Blitz September 27 Late 2022"]
[White "Jean Louis, Marckens"]
[Black "Aggelis, Nikolaos"]
[WhiteFideId "11900270"]
[BlackFideId "4213220"]
[WhiteElo "2031"]
[BlackElo "2154"]
[Result "1/2-1/2"]
[Round "11"]
[TimeControl "180+1"]
[Date "2022.09.28"]
[WhiteClock "0:01:23"]
[BlackClock "0:00:22"]

1. d4 d5 2. Nf3 Nf6 3. c4 dxc4 4. Nc3 Nd5 5. Qa4+ Nc6 6. Qxc4 Nb6 7. Qd3 Bg4 8. e3 Bxf3 9. gxf3 e5 10. d5 Nb4 11. Qb5+ Qd7 12. Qxd7+ Kxd7 13. Bh3+ Kd8 14. Ke2 g6 15. e4 c6 16. dxc6 Nxc6 17. Be3 Nd4+ 18. Bxd4 exd4 19. Rhd1 Bd6 20. Rxd4 Ke7 21. Rad1 Be5 22. Nd5+ Nxd5 23. Rxd5 Bxh2 24. Rd7+ Kf6 25. Rxb7 Rhb8 26. Rdd7 Rxb7 27. Rxb7 a5 28. Rb5 Be5 29. b3 a4 30. b4 a3 31. Ke3 g5 32. Bf5 Rd8 33. Rb6+ Kg7 34. Ra6 Bf4+ 35. Ke2 Rd2+ 36. Kf1 Rxa2 37. Ra7 Rb2 38. Rxa3 Rxb4 39. Ra7 Kg8 40. Kg2 h5 41. Ra2 Kg7 42. Rc2 Rb6 43. Ra2 Be5 44. Ra5 Bf6 45. e5 Bd8 46. Ra7 Kf8 47. f4 gxf4 48. Kf3 Bg5 49. Ke4 Rb2 50. f3 Re2+ 51. Kd4 h4 52. Ra8+ Kg7 53. Ra7 Kg8 54. Ra8+ Kg7 55. Ra7 Kf8 56. Ra8+ Kg7 1/2-1/2


[Site "https://www.chess.com"]

[Event "Titled Tuesday Blitz September 27 Late 2022"]
[White "Jobava, Baadur"]
[Black "Vasquez Schroeder, Rodrigo"]
[WhiteFideId "13601520"]
[BlackFideId "3400042"]
[WhiteElo "2582"]
[BlackElo "2577"]
[Result "1-0"]
[Round "11"]
[TimeControl "180+1"]
[Date "2022.09.27"]
[WhiteClock "0:00:03"]
[BlackClock "0:00:01"]

1. e4 c6 2. c4 e5 3. Nc3 Bc5 4. Nf3 d6 5. d4 exd4 6. Nxd4 Nf6 7. Be2 O-O 8. O-O Re8 9. Nb3 Bb4 10. f3 a5 11. a3 Bxc3 12. bxc3 Nbd7 13. Qxd6 Qb6+ 14. Nd4 Nc5 15. Be3 Na4 16. Rfc1 Qd8 17. Qg3 Qe7 18. Bg5 Kh8 19. Qh4 Nc5 20. Rab1 h6 21. Be3 Kg8 22. Qg3 Kh8 23. Qf2 Na4 24. Ra1 Be6 25. Bf1 Rad8 26. h3 Nd7 27. f4 f6 28. Rab1 Nac5 29. Nxe6 Nxe6 30. Rxb7 Qd6 31. Be2 Nec5 32. Rbb1 Nxe4 33. Qf3 Ndc5 34. Rd1 Qe6 35. Rxd8 Rxd8 36. Re1 Nd3 37. Bxd3 Rxd3 38. Qe2 Qxc4 39. Bd4 f5 40. Qh5 Rxd4 41. cxd4 Qxd4+ 42. Kh2 Qf2 43. Rxe4 fxe4 44. Qe8+ Kh7 45. Qxe4+ Kh8 46. Qe8+ Kh7 47. Qe4+ Kh8 48. a4 c5 49. f5 Kg8 50. Qe6+ Kh8 51. Qe8+ Kh7 52. Qg6+ Kh8 53. Qe8+ Kh7 54. Qe4 Kh8 55. h4 Kg8 56. Qe6+ Kh8 57. Qe8+ Kh7 58. Qe4 Kh8 59. Kh3 Kg8 60. Kg4 Kf8 61. Kh5 Qg3 62. Qa8+ Kf7 63. Qd5+ Kf8 64. Qd8+ Kf7 65. Qd7+ Kg8 66. Qe6+ Kh8 67. Qe4 Qd6 68. Qe8+ Kh7 69. g4 Qf4 70. Qg6+ Kh8 71. Qe8+ Kh7 72. Qe6 Kh8 73. Kg6 Qb8 74. f6 Qf8 75. f7 c4 76. Qe8 1-0


[Site "https://www.chess.com"]

[Event "Titled Tuesday Blitz September 27 Late 2022"]
[White "Leitao, Rafael"]
[Black "Adewumi, Tanitoluwa"]
[WhiteFideId "2101246"]
[BlackFideId "30966396"]
[WhiteElo "2609"]
[BlackElo "2579"]
[Result "1/2-1/2"]
[Round "11"]
[TimeControl "180+1"]
[Date "2022.09.28"]
[WhiteClock "0:00:07"]
[BlackClock "0:00:06"]

1. c4 e5 2. Nc3 Nc6 3. Nf3 Nf6 4. e4 d6 5. h3 g6 6. Be2 Bg7 7. d3 O-O 8. Be3 Be6 9. Nd5 Nd7 10. d4 f5 11. dxe5 Ndxe5 12. Ng5 Bd7 13. f4 Nf7 14. Nxf7 Rxf7 15. exf5 Bxf5 16. Qd2 Qe8 17. O-O Ne7 18. Nxc7 Qc8 19. Nxa8 Qxa8 20. Bd4 Bh6 21. Bf3 Be6 22. Qe2 Qc8 23. Bxb7 Qxc4 24. Qxc4 Bxc4 25. Rfc1 d5 26. g3 Nf5 27. Bxd5 Bxd5 28. Rc8+ Bf8 29. Bc5 Nxg3 30. Re1 Ne4 31. Bxf8 Rxf8 32. Rxf8+ Kxf8 33. b3 Ke7 34. Rc1 Kd7 35. h4 Ng3 36. Kf2 Nf5 37. h5 gxh5 38. Rc5 Kd6 39. Ra5 h4 40. Rxa7 h5 41. Rh7 Ke6 42. Rxh5 Kf6 43. b4 Bxa2 44. b5 Bd5 45. b6 Kg6 46. Rg5+ Kf6 47. Rh5 Kg6 48. Rh8 Kg7 49. Rd8 Be4 50. Rc8 h3 51. Kg1 Nd4 52. Kh2 Nf3+ 53. Kxh3 Bf5+ 54. Kg3 Bxc8 55. Kxf3 Bb7+ 56. Kg4 Kf6 57. f5 Bc8 58. Kf4 Bb7 59. Kg4 Bc6 60. Kf4 Bd5 61. Kg4 Bb7 62. Kf4 1/2-1/2


[Site "https://www.chess.com"]

[Event "Titled Tuesday Blitz September 27 Late 2022"]
[White "Leiva, Gianmarco"]
[Black "De La Colina, Nicolas"]
[WhiteFideId "3804399"]
[BlackFideId "30946921"]
[WhiteElo "2323"]
[BlackElo "2046"]
[Result "1-0"]
[Round "11"]
[TimeControl "180+1"]
[Date "2022.09.27"]
[WhiteClock "0:00:14"]
[BlackClock "0:00:03"]

1. e4 c5 2. Nf3 Nc6 3. Bb5 Nf6 4. Nc3 g6 5. O-O Bg7 6. Re1 O-O 7. a4 d6 8. h3 e5 9. d3 h6 10. Bc4 Kh7 11. Nd5 Be6 12. Nxf6+ Qxf6 13. Bxe6 fxe6 14. c3 g5 15. Be3 Rad8 16. a5 Rd7 17. a6 b6 18. b4 Ne7 19. d4 exd4 20. cxd4 Ng6 21. dxc5 Qxa1 22. Qxa1 Bxa1 23. Rxa1 dxc5 24. bxc5 bxc5 25. Bxc5 Rfd8 26. Kh2 Rc8 27. Be3 e5 28. Rb1 Rcc7 29. Rb5 Re7 30. Bc5 Rf7 31. Bd6 Rc6 32. Bxe5 Rxa6 33. Bd4 Re7 34. e5 Ra2 35. Kg3 a5 36. Kg4 a4 37. Kf5 Rc2 38. Rb6 Nh4+ 39. Nxh4 gxh4 40. Ra6 Rc4 41. Be3 Rf7+ 42. Ke6 Rg7 43. Kd5 Rb4 44. Rxh6+ Kg8 45. Bc5 Rb2 46. Rxh4 Rxg2 47. Rxa4 Rd2+ 48. Ke6 Rh2 49. Rg4+ Kh7 50. Kf7 Rxh3 51. f4 Rd5 52. Be7 Rh5 53. Bf6 Rd1 54. e6 Re1 55. e7 Rh2 56. e8=Q Rxe8 57. Kxe8 Rf2 58. Kf7 Kh6 59. Rh4# 1-0


[Site "https://www.chess.com"]